 Dungeon Crawl Stone Soup version 0.22.1-6-g1668fe2 (webtiles) character file.

77 greenice the Slasher (level 4, -3/39 HPs)
             Began as a Minotaur Fighter on Jan 18, 2019.
             Killed from afar by an orc wizard (6 damage)
             ... with a magic dart
             ... on level 3 of the Dungeon.
             The game lasted 00:02:49 (2061 turns).

greenice the Slasher (Minotaur Fighter)             Turns: 2061, Time: 00:02:54

Health: -3/39      AC:  6    Str: 21    XL:     4   Next: 14%
Magic:  3/3        EV:  7    Int:  5    God:
Gold:   63         SH:  9    Dex: 10    Spells: 3/3 levels left

rFire    . . .     SeeInvis .   a - +0 long sword
rCold    . . .     Gourm    .   c - +0 shield
rNeg     . . .     Faith    .   b - +0 scale mail
rPois    .         Spirit   .   (helmet restricted)
rElec    .         Reflect  .   (no cloak)
rCorr    .         Harm     .   (no gloves)
MR       .....                  (no boots)
Stlth    ..........             (no amulet)
HPRegen  0.13/turn              (no ring)
MPRegen  0.08/turn              (no ring)

@: no status effects
A: retaliatory headbutt, horns 2
a: no special abilities


You were on level 3 of the Dungeon.
You were near starving.

You visited 1 branch of the dungeon, and saw 3 of its levels.

You collected 63 gold pieces.

Inventory:

Hand Weapons
 a - a +0 long sword (weapon)
Armour
 b - a +0 scale mail (worn)
 c - a +0 shield (worn)
Scrolls
 e - 2 scrolls of identify {unknown}
 h - a scroll of teleportation {unknown}
 i - 2 scrolls of remove curse {unknown}
 k - 3 scrolls of blinking {unknown}
Potions
 d - a potion of might
 g - 3 potions of curing {unknown}
 j - a potion of mutation {unknown}
 l - a potion of invisibility {unknown}
Comestibles
 f - 4 rations


   Skills:
 - Level 3.6 Fighting
 + Level 5.4 Long Blades
 - Level 3.6 Armour
 - Level 3.6 Shields


You had 3 spell levels left.
You didn't know any spells.
Your spell library was empty.

Dungeon Overview and Level Annotations

Branches:
Dungeon (3/15)

Altars:


Innate Abilities, Weirdness & Mutations

You reflexively headbutt those who attack you in melee.
You have a pair of horns on your head.


Message History

You feel less confused.
An orc wizard appears from thin air!
Reactivating autopickup.
You block the orc wizard's attack.
The orc wizard points at you and mumbles some strange words.
You resist with some effort. You block the orc wizard's attack.
You hit the orc wizard but do no damage.
The orc wizard is almost dead.
The orc wizard points at you and mumbles some strange words.
The magic dart hits you!
* * * LOW HITPOINT WARNING * * *
You closely miss the orc wizard. Your headbutt misses the orc wizard.
The orc wizard is almost dead.
The orc wizard gestures at you while chanting.
The puff of flame hits you!
* * * LOW HITPOINT WARNING * * *
The orc wizard casts a spell at you. The magic dart hits you!
You die...

#.#...
#P.#...
#.P#..#
#.P#..#
#..#..#
#..#..#+#+###
#........#
#.<.[$...#
##......@.#
+.......o.#
#.........#
#.........#
#.........#
#.........#
#.........#
#.........#
####.#+####


You could see an orc wizard.

Vanquished Creatures
  2 adders (D:2)
  An ooze (D:1)
  2 worms (D:2)
  3 dart slugs
  4 orcs
  A ball python (D:2)
  3 giant cockroaches
  2 goblins (D:2)
  4 hobgoblins
  4 kobolds
  A quokka (D:2)
  4 bats
  4 frilled lizards
  5 rats
40 creatures vanquished.

Notes
Turn   | Place    | Note
-------+----------+-------------------------------------------
     0 | D:1      | greenice the Minotaur Fighter began the quest for the Orb.
     0 | D:1      | Reached XP level 1. HP: 19/19 MP: 0/0
    11 | D:1      | Reached skill level 3 in Long Blades
   126 | D:1      | Reached XP level 2. HP: 16/26 MP: 1/1
   669 | D:1      | Reached skill level 4 in Long Blades
   952 | D:2      | Reached XP level 3. HP: 31/31 MP: 2/2
  1365 | D:2      | Reached skill level 5 in Long Blades
  1638 | D:2      | Reached XP level 4. HP: 14/39 MP: 3/3
  2061 | D:3      | Killed from afar by an orc wizard

Skill      XL: |  1  2  3 |
---------------+----------+-----
Long Blades    | 3 4 5 |  5.4
Fighting       | |  3.6
Armour         | |  3.6
Shields        | |  3.6

Action                   |  1- 3 |  4- 6 || total
-------------------------+-------+-------++-------
Melee: Long sword        |    83 |    39 ||   122
       Headbutt          |    12 |     3 ||    15
  Use: Potion            |     1 |       ||     1
  Eat: Chunk             |     2 |       ||     2
Armor: Scale mail        |    28 |    15 ||    43
Dodge: Dodged            |    21 |     3 ||    24
Block: Shield            |    43 |    12 ||    55
       Rpst.: Long sword |     4 |     1 ||     5
